 Dungeon Crawl Stone Soup version 0.19-b1-4-gd8a0a2a (webtiles) character file.

123 vev the Sneak (level 4, -4/21 HPs)
             Began as a Spriggan Conjurer on Oct 30, 2016.
             Shot with an arrow by a centaur (11 damage)
             ... on level 3 of the Dungeon.
             The game lasted 00:08:19 (3757 turns).

vev the Sneak (Spriggan Conjurer)                   Turns: 3757, Time: 00:08:19

Health: -4/21      AC:  3    Str:  4    XL:     4   Next: 79%
Magic:  4/11       EV: 18    Int: 17    God:
Gold:   66         SH:  0    Dex: 16    Spells: 4 memorised, 2 levels left

rFire  . . .     SeeInvis +     g - +0 dagger
rCold  . . .     Gourm    .     a - +0 robe
rNeg   . . .     Faith    .     (shield restricted)
rPois  .         Spirit   .     (helmet restricted)
rElec  .         Reflect  .     f - +0 cloak
rCorr  .         Harm     .     (gloves unavailable)
MR     .....                    (boots unavailable)
Stlth  +++.......               (no amulet)
                                (no ring)
                                (no ring)

@: very slightly contaminated, very quick
A: unfitting armour, see invisible, herbivore 3, speed 3, slow metabolism 2
a: no special abilities


You were on level 3 of the Dungeon.
You were very hungry.

You visited 1 branch of the dungeon, and saw 3 of its levels.

You collected 66 gold pieces.

Inventory:

Hand Weapons
 g - a +0 dagger (weapon)
Armour
 a - a +0 robe (worn)
 f - a +0 cloak (worn)
Scrolls
 d - a scroll of remove curse {unknown}
 e - a scroll of identify {unknown}
 i - 2 scrolls of immolation {unknown}
 l - a scroll of magic mapping {unknown}
 n - a scroll of recharging {unknown}
 p - 2 scrolls of enchant armour {unknown}
 q - 2 scrolls of teleportation {unknown}
 r - a scroll of fog {unknown}
Potions
 h - a potion of berserk rage {unknown}
 k - a potion of degeneration {unknown}
 m - a potion of heal wounds {unknown}
 o - a potion of haste {unknown}
Books
 b - a book of Conjurations

   Spells                             Type                      Level
   a - Magic Dart                     Conjuration                  1
   b - Searing Ray                    Conjuration                  2
   c - Dazzling Spray                 Conjuration/Hexes            3
   d - Fulminant Prism                Conjuration/Hexes            4
   e - Iskenderun's Mystic Blast      Conjuration                  4
   f - Iskenderun's Battlesphere      Conjuration/Charms           5
 s - a book of Maledictions

   Spells                             Type                      Level
   a - Corona                         Hexes                        1
   b - Ensorcelled Hibernation        Hexes/Ice                    2
   c - Confuse                        Hexes                        3
   d - Tukima's Dance                 Hexes                        3
   e - Dazzling Spray                 Conjuration/Hexes            3
Comestibles
 c - 5 bread rations
 j - a royal jelly


   Skills:
 + Level 1.9 Short Blades
 - Level 3.0 Dodging
 + Level 4.6 Stealth
 - Level 4.0 Spellcasting
 - Level 2.9 Conjurations
 * Level 2.6 Hexes


You had 2 spell levels left.
You knew the following spells:

 Your Spells              Type           Power        Failure   Level  Hunger
a - Magic Dart            Conj           ##..         4%          1    None
d - Dazzling Spray        Conj/Hex       ##....       17%         3    ###....
e - Ensorcelled Hibernat  Hex/Ice        #.....       17%         2    ##.....
q - Tukima's Dance        Hex            ##......     17%         3    ###....


Dungeon Overview and Level Annotations

Branches:
Dungeon (3/15)

Altars:
Elyvilon
Nemelex Xobeh
Xom

Annotations:
D:3 Lluna's ghost, amateur KoHu


Innate Abilities, Weirdness & Mutations

You are very small and have problems with some larger weapons.
You are too small for most types of armour.
You have supernaturally acute eyesight. (SInv)
You are a herbivore.
You cover ground extremely quickly.
You need consume almost no food.


Message History

Aiming: Magic Dart
Press: ? - help, Shift-Dir - straight line, f/p - orc
Aim: an orc, wielding a club and wearing a leather armour (severely wounded)
The magic dart hits the orc.
You kill the orc!
The centaur wields a shortbow.
The centaur shoots an arrow.
The arrow hits you!
Ouch! That really hurt!
* * * LOW HITPOINT WARNING * * *
The kobold throws a stone.
The stone barely misses you.
Casting: Magic Dart
Confirm with . or Enter, or press ? or * to list all spells.
Aiming: Magic Dart
Press: ? - help, Shift-Dir - straight line, f - orc
Aim: an orc, wielding a short sword and wearing a ring mail You miscast Magic Dart.
You are very lightly contaminated with residual magic.
Nothing appears to happen.
The centaur shoots an arrow.
The arrow hits you!
Ouch! That really hurt!
You die...

##...#.....########......)....#
##...#.....############.#####.#
##...#.....+................#.#
#.#+##.###.##.....#####...#.#.#
.....+.#⌠#.++.....+...>...#.#.#
#'#+##.###.#......####....#.#.#
...........#......# #....#.#.#
........##........# #....#.#.#
......%.####....@.# #..###.#.#
..).....# #......# #..[...#.#
........####....### ##.#####<#
<.............o.# #.# ###
W.............### #.#
............#.# #.#
#...........o.# #.#
#........#c#(.# #.#
..............# #.#


You could see a centaur and 2 orcs.

Vanquished Creatures
  2 adders
  4 oozes
  4 dart slugs
  A leopard gecko (D:2)
  3 orcs
  A ball python (D:1)
  5 bats
  6 giant cockroaches
  10 goblins
  12 hobgoblins
  2 jackals (D:1)
  7 kobolds
  3 frilled lizards (D:2)
  8 rats
68 creatures vanquished.

Notes
Turn   | Place    | Note
-------+----------+-------------------------------------------
     0 | D:1      | vev the Spriggan Conjurer began the quest for the Orb.
     0 | D:1      | Reached XP level 1. HP: 9/9 MP: 5/5
    55 | D:1      | Reached skill level 3 in Spellcasting
   793 | D:1      | Reached XP level 2. HP: 13/13 MP: 3/7
  1391 | D:1      | Reached XP level 3. HP: 13/16 MP: 0/9
  1689 | D:1      | Reached skill level 4 in Spellcasting
  2015 | D:1      | Reached skill level 4 in Stealth
  2137 | D:1      | Learned a level 3 spell: Dazzling Spray
  2210 | D:2      | Reached skill level 1 in Short Blades
  2311 | D:2      | Found a sparkling altar of Nemelex Xobeh.
  2491 | D:2      | Found a sparkling altar of Nemelex Xobeh.
  2504 | D:2      | Reached skill level 1 in Hexes
  2687 | D:2      | Reached XP level 4. HP: 21/21 MP: 1/11
  3099 | D:2      | Reached skill level 2 in Hexes
  3353 | D:3      | Learned a level 3 spell: Tukima's Dance
  3356 | D:3      | Learned a level 2 spell: Ensorcelled Hibernation
  3517 | D:3      | Found a white marble altar of Elyvilon.
  3517 | D:3      | Found a shimmering altar of Xom.
  3605 | D:3      | Noticed Lluna's ghost (amateur KoHu)
  3748 | D:3      | Noticed a centaur
  3757 | D:3      | Shot with an arrow by a centaur

Skill      XL: |  1  2  3  4 |
---------------+-------------+-----
Spellcasting   | 3 4 |  4.0
Stealth        | 4 |  4.6
Short Blades   | 1 |  1.9
Hexes          | 1 2 |  2.6
Dodging        | |  3.0
Conjurations   | |  2.9

Action                   |  1- 3 |  4- 6 || total
-------------------------+-------+-------++-------
Melee: Unarmed           |    31 |       ||    31
       Dagger            |    53 |    35 ||    88
 Cast: Magic Dart        |   105 |    57 ||   162
       Dazzling Spray    |       |     2 ||     2
  Use: Scroll            |       |     1 ||     1
 Stab: Sleeping          |     1 |     2 ||     3
       Invisible         |       |     1 ||     1
Armor: Robe              |    15 |     3 ||    18
Dodge: Dodged            |    89 |    52 ||   141
